 Dungeon Crawl Stone Soup version 0.28-a0-969-g2dcde036d2 (webtiles) character file.

Game seed: 5898490798994706378

632 HessuHobo the Ogre Mage (level 7, -1/59 HPs)
             Began as an Ogre Venom Mage on Dec 1, 2021.
             Slain by a black bear (3 damage)
             ... on level 5 of the Dungeon.
             The game lasted 00:09:19 (7077 turns).

HessuHobo the Ogre Mage (Ogre Venom Mage)           Turns: 7077, Time: 00:09:20

Health: -1/59      AC:  3    Str: 19    XL:     7   Next: 49%
Magic:  11/15      EV:  9    Int: 18    God:
Gold:   290        SH:  0    Dex:  9    Spells: 13/16 levels left

rFire   . . .      SeeInvis .   s - +0 scythe
rCold   . . .      Faith    .   (shield currently unavailable)
rNeg    . . .      Spirit   .   a - +0 robe
rPois   .          Reflect  .   (helmet restricted)
rElec   .          Harm     .   t - scarf {+Inv}
rCorr   .          Rampage  .   (gloves unavailable)
Will    .....                   (boots unavailable)
Stlth   +.........              (no amulet)
HPRegen 0.19/turn               h - +6 ring of strength
MPRegen 0.14/turn               (no ring)

@: no status effects
A: large, unfitting armour, tough skin 1
a: Evoke Invisibility


You were on level 5 of the Dungeon.
You visited 1 branch of the dungeon, and saw 5 of its levels.

You collected 290 gold pieces.

Inventory:

Hand Weapons
 d - a +0 dagger
 e - a +0 short sword
 l - a +0 spear
 s - a +0 scythe (weapon)
Armour
 a - a +0 robe (worn)
 i - +0 gold dragon scales
 t - a scarf of invisibility (worn)
Jewellery
 h - a +6 ring of strength (left hand)
Scrolls
 c - 2 scrolls of identify {unknown}
 f - a scroll of magic mapping {unknown}
 j - a scroll of fog {unknown}
 m - a scroll of blinking {unknown}
 o - a scroll of enchant weapon {unknown}
 p - a scroll of silence {unknown}
Potions
 b - a potion of flight {unknown}
 g - 2 potions of magic {unknown}
 k - a potion of berserk rage {unknown}
 n - 2 potions of curing {unknown}
 q - 2 potions of lignification {unknown}
 r - a potion of brilliance {unknown}


   Skills:
 - Level 1.7 Dodging
 - Level 1.4 Stealth
 + Level 5.4 Spellcasting
 + Level 4.1 Transmutations
 + Level 4.9 Poison Magic


You had 13 spell levels left.
You knew the following spells:

 Your Spells              Type           Power      Damage    Failure   Level
a - Sting                 Tmut/Pois      84%        1d7       1%          1
b - Poisonous Vapours     Pois/Air       26%        N/A       7%          2

Your spell library contained the following spells:

 Spells                   Type           Power      Damage    Failure   Level
 Magic Dart               Conj           16%        1d3       13%         1
 Pain                     Necr           16%        1d4       13%         1
 Olgreb's Toxic Radiance  Pois           22%        N/A       16%         4
 Call Imp                 Summ           4%         N/A       19%         2
 Mephitic Cloud           Conj/Pois/Air  10%        N/A       19%         3
 Agony                    Necr           4%         N/A       98%         5
 Excruciating Wounds      Necr           2%         N/A       98%         5


Dungeon Overview and Level Annotations

Branches:
Dungeon (5/15)             Temple (0/1) D:5

Altars:

Shops:
D:1 (   D:2 (*


Innate Abilities, Weirdness & Mutations

You are too large for most types of armour.
You have tough skin. (AC +1)


Message History

Confirm with . or Enter, or press ? or * to list all spells.
Aiming: Poisonous Vapours (safe; 7% risk of failure)
Press: ? - help, Dir - move target, f - black bear
Aim: a black bear Poisonous vapours surround the black bear!
The black bear is poisoned.
Casting: Poisonous Vapours (safe; 7% risk of failure)
Confirm with . or Enter, or press ? or * to list all spells.
Aiming: Sting (safe; 1% risk of failure)
Press: ? - help, Shift-Dir - straight line, f/p - black bear
Aim: a black bear (lightly wounded, poisoned, 82% to hit)
The sting hits the black bear.
The black bear looks even sicker.
The black bear is lightly wounded.
Casting: Sting (safe; 1% risk of failure)
Confirm with . or Enter, or press ? or * to list all spells.
Aiming: Sting (safe; 1% risk of failure)
Press: ? - help, Shift-Dir - straight line, f/p - black bear
Aim: a black bear (lightly wounded, very poisoned, 82% to hit)
The sting hits the black bear.
The black bear looks even sicker.
The black bear is moderately wounded.
Casting: Sting (safe; 1% risk of failure)
Confirm with . or Enter, or press ? or * to list all spells.
Aiming: Poisonous Vapours (safe; 7% risk of failure)
Press: ? - help, Dir - move target, f/p - black bear
Aim: a black bear (heavily wounded, very poisoned) Poisonous vapours surround the black bear!
The black bear looks as sick as possible!
The black bear goes berserk!
The black bear bites you! The black bear claws you. x2
You barely miss the black bear.
The black bear is almost dead.
The black bear bites you! The black bear barely misses you.
The black bear claws you. The black bear bites you! The black bear claws you.
* * * LOW HITPOINT WARNING * * *
The black bear claws you.
* * * LOW HITPOINT WARNING * * *
The black bear bites you!
* * * LOW HITPOINT WARNING * * *
The black bear barely misses you. The black bear claws you.
You die...

#..# #.#
###..####.#
.......##.# #####
## ###..#.##.# #...
..
#...†>#.###.###.#
#.##............#
..........###.#####
###..#.####
#.####### #..#.#
#..<@h..# ... #.#
#######.# .### #.#
##########.# $..
........##.# ##.
#.......#
#.#...#### #.#..#
>.#...# #.#.#.h#


You could see a black bear (berserk, very poisoned).

Vanquished Creatures
  Sigmund (D:4)
  A black bear (D:4)
  An ogre (D:4)
  A hound (D:5)
  2 jellies
  2 iguanas (D:4)
  4 gnolls (D:2)
  3 adders
  A worm (D:2)
  2 dart slugs
  4 orcs (D:4)
  6 ball pythons
  3 endoplasms
  3 giant cockroaches
  8 goblins
  8 hobgoblins
  12 jackals
  6 kobolds
  A quokka (D:1)
  5 bats
  3 frilled lizards
  7 rats
84 creatures vanquished.

Vanquished Creatures (others)
  A plant (D:2)
1 creature vanquished.

Grand Total: 85 creatures vanquished

Notes
Turn   | Place    | Note
-------+----------+-------------------------------------------
     0 | D:1      | HessuHobo the Ogre Venom Mage began the quest for the Orb.
     0 | D:1      | Reached XP level 1. HP: 16/16 MP: 3/3
     2 | D:1      | Noticed a vine stalker
     4 | D:1      | Noticed a naga
     4 | D:1      | Noticed a tengu
     8 | D:1      | Noticed a vampire
     8 | D:1      | Noticed an elf
    10 | D:1      | Noticed a ghoul
    12 | D:1      | Noticed an ogre
    14 | D:1      | Noticed a demigod
    14 | D:1      | Noticed a gargoyle
    17 | D:1      | Noticed a spriggan
    17 | D:1      | Noticed a demonspawn
    19 | D:1      | Noticed a troll
    19 | D:1      | Noticed a draconian
    21 | D:1      | Noticed an octopode
    21 | D:1      | Noticed a merfolk
    23 | D:1      | Noticed a dwarf
    23 | D:1      | Noticed a human
    25 | D:1      | Noticed a felid
    25 | D:1      | Noticed a minotaur
    27 | D:1      | Noticed a formicid
    73 | D:1      | Reached skill level 1 in Transmutations
   321 | D:1      | Reached XP level 2. HP: 24/24 MP: 2/5
  1291 | D:1      | Learned a level 2 spell: Poisonous Vapours
  1609 | D:1      | Reached skill level 3 in Spellcasting
  1609 | D:1      | Reached XP level 3. HP: 31/31 MP: 4/7
  2020 | D:1      | Found Maaj's Antique Weapon Shoppe.
  2801 | D:2      | Found Hinkya's Antique Weapon Shoppe.
  2881 | D:2      | Reached XP level 4. HP: 39/39 MP: 2/9
  3055 | D:2      | Found Yjuxoeff's General Store.
  3608 | D:2      | Reached XP level 5. HP: 42/45 MP: 3/10
  4214 | D:3      | Found a faded altar of an unknown god.
  4924 | D:4      | Noticed an ogre
  4938 | D:4      | Killed an ogre
  4939 | D:4      | Reached skill level 4 in Spellcasting
  4939 | D:4      | Reached XP level 6. HP: 29/53 MP: 8/12
  5090 | D:4      | Noticed Sigmund
  6156 | D:4      | Killed Sigmund
  6157 | D:4      | Reached skill level 5 in Spellcasting
  6157 | D:4      | Reached XP level 7. HP: 44/59 MP: 1/14
  6640 | D:5      | Entered Level 5 of the Dungeon
  7063 | D:5      | Found a staircase to the Ecumenical Temple.
  7077 | D:5      | HP: 2/59 [black bear (10)]
  7077 | D:5      | Slain by a black bear

Illustrated notes

Levels and vault maps discovered:
D:1:      kb_arrival_jail, layout_loops_corners, serial_shops,
          nicolae_diamond_shop
D:2:      cheibrodos_old_hovel, layout_basic, serial_shops, shop, shop
D:3:      minmay_general_purpose_star, layout_basic,
          shapermc_ecumenical_altar_venn
D:4:      layout_loops_cross, uniq_sigmund
D:5:      layout_loops_ring, minmay_temple_entry_grid, uniq_ijyb, uniq_duvessa

Skill      XL: |  1  2  3  4  5  6  7 |
---------------+----------------------+-----
Transmutations | 1 2 3 4 |  4.1
Poison Magic   | 3 4 |  4.9
Spellcasting   | 3 4 5 |  5.4
Dodging        | |  1.7
Stealth        | |  1.4

Action                   |  1- 3 |  4- 6 |  7- 9 || total
-------------------------+-------+-------+-------++-------
Melee: Unarmed           |    12 |       |       ||    12
       Short sword       |    29 |       |       ||    29
       Dagger            |     1 |       |       ||     1
       Spear             |       |    58 |       ||    58
       Scythe            |       |       |     9 ||     9
 Cast: Sting             |    54 |    35 |    12 ||   101
       Poisonous Vapours |    12 |    33 |    10 ||    55
  Use: Potion            |       |     1 |       ||     1
 Stab: Sleeping          |       |     1 |       ||     1
Armor: Robe              |    23 |    15 |     7 ||    45
Dodge: Dodged            |    43 |    50 |    18 ||   111

Table legend: (Time is in decaauts)
 A = Elapsed time spent in this place.
 B = Non-inter-level travel time spent in this place.
 C = Inter-level travel time spent in this place.
 D = Time resting spent in this place.
 E = Time spent auto-exploring this place.
 F = Levels seen in this place.
 G = Mean time per level.
                   A        B        C        D        E       F      G
               +--------+--------+--------+--------+--------+-----+--------+
         Total |   7096 |   6997 |     99 |   3694 |   2254 |   5 | 1419.2 |
       Dungeon |   7096 |   6997 |     99 |   3694 |   2254 |   5 | 1419.2 |
               +--------+--------+--------+--------+--------+-----+--------+

Top non-repeatable levels by time:
     D:1: 2463 daAuts
     D:4: 1756 daAuts
     D:2: 1701 daAuts
     D:3: 1027 daAuts
     D:5: 146 daAuts
